PBL
VICTORIA CAPITALS @ JOPLIN BLASTERS
09/15/2048
 
TOP OF THE 1ST
Victoria Capitals batting - Pitching for Joplin Blasters : RHP Brian Owens
Pitching: RHP Brian Owens
Batting: LHB Addisu Nyamekye 0-0: Ball
1-0: Swinging Strike
1-1: Foul Ball, location: 2F
1-2: Foul Ball, location: 2F
1-2: Ball
2-2: Foul Ball, location: 2F
2-2: Ball
3-2: Fly out, F9 (Flyball, 89M, EV 81.2 MPH)
Batting: RHB Jesus Santiago 0-0: Ball
1-0: Called Strike
1-1: Foul Ball, location: 2F
1-2: Foul Ball, location: 2F
1-2: Fly out, F7 (Flyball, 7, EV 86.9 MPH)
Batting: LHB Taki Matsui 0-0: SINGLE (Line Drive, 9S, EV 107.5 MPH)
Batting: RHB Ross Hallock 0-0: Fly out, F9 (Flyball, 9LSF, EV 86.9 MPH)
Top of the 1st over - 0 runs, 1 hit, 0 errors, 1 left on base; Victoria 0 - Joplin 0
BOTTOM OF THE 1ST
Joplin Blasters batting - Pitching for Victoria Capitals : LHP Mike Roberts
Pitching: LHP Mike Roberts
Batting: RHB John Normand 0-0: Ball
1-0: Ball
2-0: Swinging Strike
2-1: Ball
3-1: SINGLE (Line Drive, 6D, EV 102.5 MPH)
Batting: RHB Mike McClung 0-0: Ball
1-0: Foul Ball, location: 2F
1-1: Ball
2-1: Fly out, F7 (Line Drive, 78M, EV 104.4 MPH)
Batting: SHB Gary Woodroffe 0-0: Ball
1-0: Foul Ball, location: 2F
1-1: Foul Ball, location: 2F
1-2: Foul Ball, location: 2F
1-2: Ball
2-2: Foul Ball, location: 2F
2-2: Fielders Choice at 2nd, 3-6 (Groundball, 23, EV 85.0 MPH)
Batting: RHB Cody Marshall 0-0: Swinging Strike
0-1: Swinging Strike
0-2: Foul Ball, location: 2F
0-2: Foul Ball, location: 2F
0-2: Strikes out swinging
Bottom of the 1st over - 0 runs, 1 hit, 0 errors, 1 left on base; Victoria 0 - Joplin 0
TOP OF THE 2ND
Victoria Capitals batting - Pitching for Joplin Blasters : RHP Brian Owens
Batting: RHB Rich Griffith 0-0: Foul Ball, location: 2F
0-1: Foul Ball, location: 2F
0-2: Foul Ball, location: 2F
0-2: Ball
1-2: Ball
2-2: Ball
3-2: Strikes out swinging, 2-3 out at first.
Pitching: LHP Adrian Sanchez
Batting: LHB Matt Hepburn 0-0: Called Strike
0-1: Ball
1-1: Called Strike
1-2: Ball
2-2: Ball
3-2: Strikes out looking
Batting: RHB Josh Rentz 0-0: Ball
1-0: Foul Ball, location: 2F
1-1: Called Strike
1-2: Ball
2-2: Foul Ball, location: 2F
2-2: Ball
3-2: Strikes out swinging
Top of the 2nd over - 0 runs, 0 hits, 0 errors, 0 left on base; Victoria 0 - Joplin 0
BOTTOM OF THE 2ND
Joplin Blasters batting - Pitching for Victoria Capitals : LHP Mike Roberts
Batting: LHB Josh Lane 0-0: Ball
1-0: Ball
2-0: Called Strike
2-1: Ball
3-1: Ground out 6-3 (Groundball, 56, EV 78.8 MPH)
Batting: RHB Esteban Acuna 0-0: Ball
1-0: Ground out 4-3 (Groundball, 4S, EV 66.9 MPH)
Batting: LHB Willie Marquez 0-0: Ground out 4-3 (Groundball, 34D, EV 106.9 MPH)
Bottom of the 2nd over - 0 runs, 0 hits, 0 errors, 0 left on base; Victoria 0 - Joplin 0
TOP OF THE 3RD
Victoria Capitals batting - Pitching for Joplin Blasters : LHP Adrian Sanchez
Batting: RHB Steve Carmichael 0-0: Swinging Strike
0-1: Foul Ball, location: 2F
0-2: Ball
1-2: Ball
2-2: Foul Ball, location: 2F
2-2: Ball
3-2: Ground out 6-3 (Groundball, 6, EV 85.0 MPH)
Batting: LHB Rick Harrison 0-0: SOLO HOME RUN (Line Drive, 9D, EV 101.9 MPH), Distance : 395 ft
Batting: LHB Addisu Nyamekye 0-0: Swinging Strike
0-1: Swinging Strike
0-2: Strikes out swinging, 2-3 out at first.
Batting: RHB Jesus Santiago 0-0: Called Strike
0-1: Foul Ball, location: 2F
0-2: Ball
1-2: Hit by Pitch
Batting: LHB Taki Matsui 0-0: Ball
1-0: Called Strike
1-1: Foul Ball, location: 2F
1-2: Reached on error, E5 (Groundball, 56, EV 85.6 MPH)
Jesus Santiago to second
Batting: RHB Ross Hallock 0-0: Ball
Wild Pitch!
Jesus Santiago to third
Taki Matsui to second
1-0: Fly out, F9 (Flyball, 9S, EV 87.5 MPH)
Top of the 3rd over - 1 run, 1 hit, 1 error, 2 left on base; Victoria 1 - Joplin 0
BOTTOM OF THE 3RD
Joplin Blasters batting - Pitching for Victoria Capitals : LHP Mike Roberts
Batting: RHB Jimmy Black 0-0: Called Strike
0-1: Ball
1-1: Ground out 6-3 (Groundball, 6, EV 83.1 MPH)
Batting: RHB Danny Jefferies 0-0: Called Strike
0-1: Swinging Strike
0-2: Ball
1-2: Ball
2-2: SINGLE (Groundball, 6MD, EV 99.4 MPH)
Batting: RHB John Normand 0-0: Ball
1-0: Swinging Strike
1-1: Ball
2-1: Ball
3-1: Base on Balls
Danny Jefferies to second
Batting: RHB Mike McClung 0-0: SINGLE (Groundball, 34D, EV 93.8 MPH)
Danny Jefferies to third
John Normand to second
Runner from 3rd tries for Home, SAFE, throw by RF to home
Batting: SHB Gary Woodroffe 0-0: Grounds into double play, 6-4-3 (Groundball, 6, EV 99.4 MPH)
Bottom of the 3rd over - 1 run, 2 hits, 0 errors, 1 left on base; Victoria 1 - Joplin 1
TOP OF THE 4TH
Victoria Capitals batting - Pitching for Joplin Blasters : LHP Adrian Sanchez
Batting: RHB Rich Griffith 0-0: Ball
1-0: Called Strike
1-1: Ball
2-1: Ball
3-1: Called Strike
3-2: Foul Ball, location: 2F
3-2: Base on Balls
Batting: LHB Matt Hepburn 0-0: Ball
Rich Griffith steals 2nd base
1-0: Ball
2-0: Ball
3-0: Base on Balls
Batting: RHB Josh Rentz 0-0: Ball
1-0: Ball
2-0: Called Strike
2-1: Foul Ball, location: 2F
2-2: Ball
3-2: Strikes out swinging
Pitching: LHP Omar Nogueira
Batting: RHB Steve Carmichael 0-0: Foul Ball, location: 2F
0-1: Ball
1-1: Ball
2-1: Ball
3-1: Base on Balls
Rich Griffith to third
Matt Hepburn to second
Batting: LHB Rick Harrison 0-0: Swinging Strike
0-1: Swinging Strike
0-2: Ball
1-2: Strikes out looking
Batting: LHB Addisu Nyamekye 0-0: Ball
1-0: Swinging Strike
1-1: Ball
2-1: Called Strike
2-2: Strikes out swinging
Top of the 4th over - 0 runs, 0 hits, 0 errors, 3 left on base; Victoria 1 - Joplin 1
BOTTOM OF THE 4TH
Joplin Blasters batting - Pitching for Victoria Capitals : LHP Mike Roberts
Batting: RHB Cody Marshall 0-0: Ground out 6-3 (Groundball, 6, EV 104.4 MPH)
Batting: LHB Josh Lane 0-0: Ball
1-0: Foul Ball, location: 2F
1-1: Fly out, F8 (Flyball, 89D, EV 106.9 MPH)
Batting: RHB Esteban Acuna 0-0: Ball
1-0: Ball
2-0: Ball
3-0: Called Strike
3-1: Called Strike
3-2: Base on Balls
Batting: LHB Willie Marquez 0-0: Ball
1-0: Ball
2-0: Swinging Strike
2-1: Foul Ball, location: 2F
2-2: Foul Ball, location: 2F
2-2: Foul Ball, location: 2F
2-2: Foul Ball, location: 2F
2-2: Ball
3-2: SINGLE (Groundball, 3D, EV 106.2 MPH)
Esteban Acuna to second
Esteban Acuna to third
Batting: RHB Jimmy Black 0-0: Swinging Strike
0-1: Ball
1-1: Called Strike
1-2: Ball
2-2: Ball
3-2: Foul Ball, location: 2F
3-2: Strikes out looking
Bottom of the 4th over - 0 runs, 1 hit, 0 errors, 2 left on base; Victoria 1 - Joplin 1
TOP OF THE 5TH
Victoria Capitals batting - Pitching for Joplin Blasters : LHP Omar Nogueira
Batting: RHB Jesus Santiago 0-0: Ball
1-0: Called Strike
1-1: Ball
2-1: Foul Ball, location: 2F
2-2: Foul Ball, location: 2F
2-2: Foul Ball, location: 2F
2-2: Foul Ball, location: 2F
2-2: Fly out, F5 (Popup, 5F, EV 58.1 MPH)
Batting: LHB Taki Matsui 0-0: Ball
1-0: Swinging Strike
1-1: Ball
2-1: Ball
3-1: Foul Ball, location: 2F
3-2: Foul Ball, location: 2F
3-2: Foul Ball, location: 2F
3-2: Base on Balls
Batting: RHB Ross Hallock 0-0: Ball
1-0: Ball
2-0: Called Strike
2-1: Fly out, F7 (Flyball, 7S, EV 91.9 MPH)
Batting: RHB Rich Griffith 0-0: Called Strike
0-1: Called Strike
0-2: Foul Ball, location: 2F
0-2: Hit by Pitch
Taki Matsui to second
Batting: LHB Matt Hepburn 0-0: Ball
1-0: Called Strike
1-1: Called Strike
1-2: Ball
2-2: Strikes out swinging
Top of the 5th over - 0 runs, 0 hits, 0 errors, 2 left on base; Victoria 1 - Joplin 1
BOTTOM OF THE 5TH
Joplin Blasters batting - Pitching for Victoria Capitals : LHP Mike Roberts
Batting: RHB Danny Jefferies 0-0: Ball
1-0: Ball
2-0: Ball
3-0: Base on Balls
Batting: RHB John Normand 0-0: Ball
1-0: Ball
2-0: Foul Ball, location: 2F
2-1: Ball
3-1: Swinging Strike
3-2: Foul Ball, location: 2F
3-2: Base on Balls
Danny Jefferies to second
Pitching: RHP Jose Rios
Batting: RHB Mike McClung 0-0: Foul Ball, location: 2F
0-1: Ball
1-1: Ball
2-1: Swinging Strike
2-2: Fielders Choice at 2nd, 1-4 (Groundball, 15S, EV 73.1 MPH)
Danny Jefferies to third
Batting: SHB Gary Woodroffe 0-0: Called Strike
0-1: Fly out, F3 (Popup, 34, EV 60.0 MPH)
Batting: RHB Cody Marshall 0-0: Swinging Strike
0-1: Ball
1-1: Swinging Strike
1-2: Fielders Choice at 2nd, 5-4 (Groundball, 56, EV 103.8 MPH)
Bottom of the 5th over - 0 runs, 0 hits, 0 errors, 2 left on base; Victoria 1 - Joplin 1
TOP OF THE 6TH
Victoria Capitals batting - Pitching for Joplin Blasters : LHP Omar Nogueira
Batting: RHB Josh Rentz 0-0: Ball
1-0: Ball
2-0: SINGLE (Flyball, 6D, EV 89.4 MPH)
Batting: RHB Steve Carmichael 0-0: Ball
1-0: Foul Ball, location: 2F
1-1: Ball
2-1: Ball
3-1: Called Strike
3-2: 2-RUN HOME RUN (Flyball, 7D, EV 99.4 MPH), Distance : 379 ft
Pitching: LHP Edwin Longoria
Batting: LHB Rick Harrison 0-0: DOUBLE (Line Drive, 89M, EV 106.9 MPH)
Batting: LHB Addisu Nyamekye 0-0: Ball
1-0: Ball
2-0: Called Strike
2-1: Called Strike
2-2: SINGLE (Flyball, 7LS, EV 82.5 MPH)
Rick Harrison to third
Batting: RHB Jesus Santiago 0-0: Ball
1-0: Called Strike
1-1: Ball
2-1: Ball
3-1: Called Strike
3-2: Base on Balls
Addisu Nyamekye to second
Batting: LHB Taki Matsui 0-0: Called Strike
0-1: Fly out, F9 (Flyball, 89S, EV 83.1 MPH)
Batting: RHB Ross Hallock 0-0: Called Strike
0-1: Ball
1-1: Ball
2-1: Called Strike
2-2: Foul Ball, location: 2F
2-2: Ball
3-2: Base on Balls
Rick Harrison scores
Addisu Nyamekye to third
Jesus Santiago to second
Batting: RHB Rich Griffith 0-0: Ball
1-0: Ball
2-0: Foul Ball, location: 2F
2-1: Swinging Strike
2-2: Strikes out swinging
Batting: LHB Matt Hepburn 0-0: Foul Ball, location: 2F
0-1: Ball
1-1: Swinging Strike
1-2: Ball
2-2: Foul Ball, location: 2F
2-2: Strikes out looking
Top of the 6th over - 3 runs, 4 hits, 0 errors, 3 left on base; Victoria 4 - Joplin 1
BOTTOM OF THE 6TH
Joplin Blasters batting - Pitching for Victoria Capitals : RHP Jose Rios
Batting: LHB Josh Lane 0-0: Ball
1-0: Called Strike
1-1: Ball
2-1: Foul Ball, location: 2F
2-2: Ball
3-2: Ground out 6-3 (Groundball, 6MD, EV 100.0 MPH)
Batting: RHB Esteban Acuna 0-0: Foul Ball, location: 2F
0-1: Foul Ball, location: 2F
0-2: Strikes out looking
Batting: LHB Willie Marquez 0-0: Swinging Strike
0-1: Ball
1-1: Foul Ball, location: 2F
1-2: Strikes out swinging
Bottom of the 6th over - 0 runs, 0 hits, 0 errors, 0 left on base; Victoria 4 - Joplin 1
TOP OF THE 7TH
Victoria Capitals batting - Pitching for Joplin Blasters : LHP Edwin Longoria
Batting: RHB Josh Rentz 0-0: Called Strike
0-1: Foul Ball, location: 2F
0-2: Foul Ball, location: 2F
0-2: Strikes out swinging
Batting: RHB Steve Carmichael 0-0: Ball
1-0: Ball
2-0: Called Strike
2-1: Foul Ball, location: 2F
2-2: Ball
3-2: Base on Balls
Batting: LHB Rick Harrison 0-0: Called Strike
0-1: Grounds into double play, 4-6-3 (Groundball, 34, EV 85.0 MPH)
Top of the 7th over - 0 runs, 0 hits, 0 errors, 0 left on base; Victoria 4 - Joplin 1
BOTTOM OF THE 7TH
Joplin Blasters batting - Pitching for Victoria Capitals : RHP Jose Rios
Now in LF: Steve Carmichael
Now in RF: Jason Cary
Batting: RHB Jimmy Black 0-0: Called Strike
0-1: Ball
1-1: Ball
2-1: Foul Ball, location: 2F
2-2: Foul Ball, location: 2F
2-2: Strikes out looking
Pinch Hitting: RHB Colin Padgett 0-0: Ball
1-0: Ground out 6-3 (Groundball, 6MS, EV 68.8 MPH)
Batting: RHB John Normand 0-0: Foul Ball, location: 2F
0-1: Called Strike
0-2: Strikes out swinging
Bottom of the 7th over - 0 runs, 0 hits, 0 errors, 0 left on base; Victoria 4 - Joplin 1
TOP OF THE 8TH
Victoria Capitals batting - Pitching for Joplin Blasters : LHP Edwin Longoria
Now in RF: Nate Brewer
Batting: LHB Addisu Nyamekye 0-0: Ball
1-0: Foul Ball, location: 2F
1-1: Ball
2-1: Swinging Strike
2-2: Ball
3-2: Foul Ball, location: 2F
3-2: Base on Balls
Pitching: RHP Billy Emerson
Batting: RHB Jesus Santiago 0-0: Called Strike
Addisu Nyamekye steals 2nd base
0-1: Swinging Strike
0-2: Strikes out looking
Batting: LHB Taki Matsui 0-0: Intentional Walk
Batting: RHB Ross Hallock 0-0: Ball
Passed Ball!
Addisu Nyamekye to third
Taki Matsui to second
1-0: Intentional Walk
Batting: RHB Rich Griffith 0-0: Called Strike
0-1: Foul Ball, location: 2F
0-2: Ball
1-2: Ball
2-2: Ball
3-2: Base on Balls
Addisu Nyamekye scores
Taki Matsui to third
Ross Hallock to second
Batting: LHB Matt Hepburn 0-0: Called Strike
0-1: Foul Ball, location: 2F
0-2: Strikes out swinging
Batting: RHB Josh Rentz 0-0: Called Strike
0-1: Foul Ball, location: 2F
0-2: Strikes out swinging
Top of the 8th over - 1 run, 0 hits, 0 errors, 3 left on base; Victoria 5 - Joplin 1
BOTTOM OF THE 8TH
Joplin Blasters batting - Pitching for Victoria Capitals : RHP Jose Rios
Batting: RHB Mike McClung 0-0: Called Strike
0-1: Ball
1-1: Foul Ball, location: 2F
1-2: Foul Ball, location: 2F
1-2: Strikes out swinging
Batting: SHB Gary Woodroffe 0-0: Called Strike
0-1: Foul Ball, location: 2F
0-2: Foul Ball, location: 2F
0-2: Foul Ball, location: 2F
0-2: Ball
1-2: Ball
2-2: Strikes out swinging
Pitching: RHP Fikre Taalib
Batting: RHB Cody Marshall 0-0: Called Strike
0-1: Called Strike
0-2: Ball
1-2: Foul Ball, location: 2F
1-2: Foul Ball, location: 2F
1-2: Ball
2-2: Ball
3-2: Base on Balls
Batting: LHB Josh Lane 0-0: Called Strike
0-1: Fly out, F8 (Flyball, 8LD, EV 91.9 MPH)
Bottom of the 8th over - 0 runs, 0 hits, 0 errors, 1 left on base; Victoria 5 - Joplin 1
TOP OF THE 9TH
Victoria Capitals batting - Pitching for Joplin Blasters : RHP Billy Emerson
Batting: RHB Steve Carmichael 0-0: Called Strike
0-1: Foul Ball, location: 2F
0-2: Ball
1-2: Ball
2-2: Foul Ball, location: 2F
2-2: Foul Ball, location: 2F
2-2: Foul Ball, location: 2F
2-2: SINGLE (Groundball, 6MD, EV 97.5 MPH)
Batting: LHB Jason Cary 0-0: Grounds into double play, 4-6-3 (Groundball, 4, EV 106.2 MPH)
Batting: LHB Addisu Nyamekye 0-0: Foul Ball, location: 2F
0-1: Ball
1-1: Foul Ball, location: 2F
1-2: Foul Ball, location: 2F
1-2: Foul Ball, location: 2F
1-2: Strikes out swinging
Top of the 9th over - 0 runs, 1 hit, 0 errors, 0 left on base; Victoria 5 - Joplin 1
BOTTOM OF THE 9TH
Joplin Blasters batting - Pitching for Victoria Capitals : RHP Fikre Taalib
Pinch Hitting: RHB Tanner Holland 0-0: Called Strike
0-1: Called Strike
0-2: Strikes out swinging
Batting: RHB Dustin Peterson 0-0: Ball
1-0: Ball
2-0: Called Strike
2-1: Swinging Strike
2-2: Ball
3-2: Strikes out swinging
Pinch Hitting: RHB Kevin Lea 0-0: Called Strike
0-1: Called Strike
0-2: Strikes out swinging
Bottom of the 9th over - 0 runs, 0 hits, 0 errors, 0 left on base; Victoria 5 - Joplin 1
Tuesday, March 28th , 2023 - OOTP Baseball 23.10 Build 110